[Event "1000GM Schev-G4 March 2024"]
[Site "Santa Clara"]
[Date "2024.03.09"]
[Round "1.1"]
[White "Yao, Hanchi"]
[Black "Kretchetov, Alexandre"]
[Result "1/2-1/2"]
[ECO "D52"]
[WhiteElo "1997"]
[BlackElo "2141"]
[Annotator "RC"]
[PlyCount "88"]
[EventDate "2024.03.06"]
[EventType "schev"]
[EventCountry "USA"]
[SourceTitle "playchess.com"]
[Source "ChessBase"]
[SourceQuality "1"]
[TimeControl "5400+30"]

1. d4 Nf6 2. c4 e6 3. Nc3 d5 4. Bg5 Nbd7 5. e3 c6 6. Nf3 Qa5 7. Bxf6 Nxf6 8. Nd2 Be7 9. Bd3 O-O 10. O-O Qd8 11. a3 b6 12. b4 a5 13. c5 Ba6 14. Nb3 Qb8 15. Bxa6 Rxa6 16. Qe2 Qb7 17. b5 Raa8 18. a4 Nd7 19. Rfc1 Rfc8 20. e4 bxc5 21. bxc6 Qxc6 22. exd5 Qd6 23. dxe6 Qxe6 24. Qxe6 fxe6 25. dxc5 Nxc5 26. Nxc5 Bxc5 27. Nb5 Kf7 28. Kf1 Bb4 29. Ke2 Kf6 30. f4 Kf5 31. Kf3 h5 32. Rab1 Rd8 33. Rb3 Rd7 34. Re3 Rad8 35. Rc6 Rd3 36. Rcxe6 Rxe3+ 37. Rxe3 Rd2 38. Re5+ Kg6 39. Re6+ Kf5 40. Re5+ Kg6 41. Re6+ Kf7 42. Re2 Rd1 43. Re5 Kf6 44. Re6+ Kf5 1/2-1/2

[Event "1000GM Schev-G4 March 2024"]
[Site "Santa Clara"]
[Date "2024.03.09"]
[Round "1.2"]
[White "Karthi, Jashith"]
[Black "Ramirez, Carlos"]
[Result "1-0"]
[ECO "E63"]
[WhiteElo "2039"]
[BlackElo "2162"]
[Annotator "RC"]
[PlyCount "73"]
[EventDate "2024.03.06"]
[EventType "schev"]
[EventCountry "USA"]
[SourceTitle "playchess.com"]
[Source "ChessBase"]
[SourceQuality "1"]
[TimeControl "5400+30"]

1. d4 Nf6 2. c4 g6 3. Nc3 Bg7 4. g3 O-O 5. Bg2 d6 6. Nf3 Nc6 7. O-O a6 8. Bf4 Nh5 9. Be3 Rb8 10. Rc1 Bd7 11. c5 dxc5 12. d5 Nd4 13. Nxd4 cxd4 14. Bxd4 Nf6 15. e4 c6 16. f4 cxd5 17. e5 Ne8 18. Nxd5 Bc6 19. Ba7 Ra8 20. Bc5 Bxd5 21. Qxd5 Nc7 22. Qxd8 Rfxd8 23. Bb6 Ne6 24. Bxb7 Rab8 25. Bxd8 Rxb7 26. Rc8 Bf8 27. b3 Kg7 28. Rd1 h5 29. Rc6 Ra7 30. Bb6 Ra8 31. Rd7 h4 32. Ra7 Rb8 33. Rxa6 Kh7 34. a4 Ng7 35. a5 h3 36. Ra7 Kh6 37. a6 1-0

[Event "1000GM Schev-G4 March 2024"]
[Site "Santa Clara"]
[Date "2024.03.09"]
[Round "1.3"]
[White "Stevens, Adam B"]
[Black "Jaquez, Juan Manuel"]
[Result "1/2-1/2"]
[ECO "E18"]
[WhiteElo "1969"]
[BlackElo "2170"]
[Annotator "RC"]
[PlyCount "81"]
[EventDate "2024.03.06"]
[EventType "schev"]
[EventCountry "USA"]
[SourceTitle "playchess.com"]
[Source "ChessBase"]
[SourceQuality "1"]
[TimeControl "5400+30"]

1. d4 Nf6 2. c4 e6 3. Nf3 b6 4. g3 Bb7 5. Bg2 Be7 6. O-O O-O 7. Nc3 Ne4 8. Bd2 d6 9. Qc2 Nxc3 10. Bxc3 f5 11. Nd2 Bxg2 12. Kxg2 Nd7 13. f4 c5 14. dxc5 dxc5 15. e4 Qc7 16. Rae1 Rae8 17. Rf2 Bf6 18. Bxf6 Nxf6 19. exf5 exf5 20. Rxe8 Rxe8 21. Qxf5 Qc6+ 22. Kh3 Re3 23. Nf1 g6 24. Qg5 Re8 25. Nd2 Kg7 26. Qh4 Qd7+ 27. f5 Re5 28. Qg5 Rxf5 29. Rxf5 Qxf5+ 30. Qxf5 gxf5 31. Kg2 Ng4 32. h3 Ne3+ 33. Kf3 Nd1 34. b3 Kf6 35. Kf4 Nc3 36. a3 a5 37. Ke3 Nd1+ 38. Ke2 Nc3+ 39. Ke3 Nd1+ 40. Ke2 Nc3+ 41. Ke3 1/2-1/2

[Event "1000GM Schev-G4 March 2024"]
[Site "Santa Clara"]
[Date "2024.03.09"]
[Round "1.4"]
[White "Montes Orozco, Miguel Angel"]
[Black "Talwalkar, Vedant"]
[Result "1-0"]
[ECO "A80"]
[WhiteElo "2152"]
[BlackElo "1996"]
[Annotator "RC"]
[PlyCount "55"]
[EventDate "2024.03.06"]
[EventType "schev"]
[EventCountry "USA"]
[SourceTitle "playchess.com"]
[Source "ChessBase"]
[SourceQuality "1"]
[TimeControl "5400+30"]

1. d4 f5 2. Bg5 h6 3. Bh4 g5 4. Bg3 Nf6 5. e3 Bg7 6. Nc3 d6 7. Bc4 e6 8. h4 g4 9. h5 a6 10. a4 O-O 11. Nge2 Re8 12. f3 d5 13. Ba2 Bd7 14. Nf4 b5 15. Nd3 bxa4 16. Bh4 Nc6 17. fxg4 fxg4 18. Ne5 Qc8 19. Bxf6 Bxf6 20. Qxg4+ Bg7 21. Nxd7 Qxd7 22. Nxd5 Kh8 23. O-O Qd8 24. Rf7 Rg8 25. Nf4 Bxd4 26. Ng6+ Rxg6 27. Qxg6 Bxe3+ 28. Kf1 1-0

[Event "1000GM Schev-G4 March 2024"]
[Site "Santa Clara"]
[Date "2024.03.09"]
[Round "1.5"]
[White "Vittorino, Carlo Giovanni"]
[Black "Jasinski, Alexander"]
[Result "1/2-1/2"]
[ECO "E97"]
[WhiteElo "2226"]
[BlackElo "1981"]
[Annotator "TA"]
[PlyCount "141"]
[EventDate "2024.03.06"]
[EventType "schev"]
[EventCountry "USA"]
[SourceTitle "playchess.com"]
[Source "ChessBase"]
[SourceQuality "1"]
[TimeControl "5400+30"]

1. Nf3 Nf6 2. c4 g6 3. Nc3 Bg7 4. e4 d6 5. d4 O-O 6. Be2 e5 7. O-O Nc6 8. d5 Ne7 9. Nd2 Nd7 10. b4 f5 11. c5 f4 (11... dxc5 $11 12. Ba3 b6) 12. Nc4 $16 Nf6 13. Ba3 {[%emt 0:06:11] Weiß steht besser.} Rf7 14. b5 Ne8 {[%emt 0:01:06] [#]} 15. b6 $1 axb6 16. cxb6 c5 17. Bg4 $2 (17. Bc1 $16) 17... Bf8 (17... Bxg4 $15 18. Qxg4 Nc8) 18. Rb1 (18. Be2 $14) 18... h5 (18... Bxg4 $15 19. Qxg4 Nc8) 19. Bxc8 (19. Bf3 $14) 19... Nxc8 $11 20. f3 Rg7 (20... Nf6 $11) 21. Bc1 $16 g5 22. g4 $2 (22. a4 $16) 22... hxg4 $17 23. fxg4 Ra6 24. Qb3 Nf6 25. h3 Rh7 26. Kg2 Qd7 {[%emt 0:01:18][%cal Of6g4] Und jetzt ...Nxg4! wäre schön.} 27. Qd1 {[%emt 0:01:32] [#]} Ne7 (27... Rh4 $1 $19 {[%cal Rf6g4] Zielt auf ...Nxg4! ab.} 28. Ne3 Rh8 (28... Rxb6 29. Rxb6 Nxb6 30. a4 $17) (28... Nxb6 29. Nf5 $15)) 28. Ne3 $2 (28. Rh1 $15) 28... Qd8 $2 (28... Ng6 $19 29. Nc4 Rh6 (29... Nh4+ 30. Kh2 $15)) 29. Nc4 $15 Nc8 (29... Nd7 $11) 30. Qb3 $1 $19 {[%emt 0:00:20] Aktives Gegenspiel!} Nd7 31. Na4 Qf6 32. Bd2 Qg6 33. Rfe1 Be7 34. Ba5 Bd8 (34... Nf6 $142 35. Rbc1 Bd8 (35... Nxe4 36. Qd3 $11)) 35. Qb5 $2 (35. Qf3 $17) 35... f3+ 36. Kxf3 (36. Kg3 {war die einzige Chance.}) 36... Rxh3+ 37. Kg2 Qh7 38. Rh1 {[%emt 0:00:26] Pariert Rh2+.} Rxh1 (38... Qxe4+ 39. Kxh3 Rxa5 (39... Qf3+ 40. Kh2 $11) 40. Qxa5 $11 (40. Nxa5 Qf3+ 41. Kh2 Qf2+ 42. Kh3 Qf3+ 43. Kh2 Qf2+ 44. Kh3 Qf3+ $11)) 39. Rxh1 Qxe4+ 40. Kh2 (40. Kf2 $142 Nf6 (40... Qxh1 41. Qxd7 Qh2+ 42. Ke1 $11) (40... Qxg4 41. Ne3 $11) 41. Rh3) 40... Qf4+ 41. Kg2 Qxg4+ 42. Kf2 Qf4+ 43. Ke2 Qe4+ 44. Ne3 Nf6 (44... Qxh1 45. Qxd7 Qh2+ (45... Rxa5 46. Qxd8+ Kf7 47. Qxc8 $11) 46. Kd1 Qg1+ (46... Rxa5 47. Qe8+ Kh7 48. Qf7+ Kh8 49. Qf8+ Kh7 50. Qf7+ Kh8 51. Qe8+ Kh7 52. Qf7+ $11) 47. Ke2 $11) (44... Ndxb6 45. Qe8+ Kg7 46. Rh8 (46. Qh8+ Kf7 $18) (46. Qh8+ Kf7 $18)) (44... Ncxb6 45. Nxb6 Qxh1 (45... Rxa5 46. Qxa5 Qxh1 47. Qa8 $11) 46. Qxd7 Qh2+ (46... Bxb6 47. Qc8+ Kh7 48. Qd7+ Kg8 49. Qc8+ Kh7 50. Qd7+ Kg8 $11) 47. Ke1 Qg3+ (47... Bxb6 48. Qc8+ Kh7 49. Qxb7+ $11) 48. Ke2 Qh2+ (48... Bxb6 49. Qe8+ Kh7 50. Qf7+ Kh8 51. Qh5+ Kg8 52. Qg6+ Kh8 53. Qe8+ Kh7 54. Qh5+ Kg8 55. Qe8+ Kh7 $11) 49. Ke1 Qg3+ (49... Bxb6 50. Qe6+ Kh7 51. Qf7+ Kh8 52. Qf6+ Kh7 53. Qf5+ Kg7 54. Qd7+ Kg6 55. Qe8+ Kh7 56. Qd7+ Kg6 57. Qe8+ Kh7 58. Qf7+ Kh8 59. Qf8+ Kh7 60. Qf7+ $11) 50. Ke2 Qh2+ $11 (50... Bxb6 51. Qc8+ Kh7 52. Qxb7+ $11)) 45. Nc3 (45. Qxa6 $142 Nxd5 (45... bxa6 46. b7 $11) (45... Qxh1 46. Qxb7 Qh2+ 47. Kd1 $11) 46. Qb5 Qxe3+ (46... Qxh1 47. Qe8+ Kg7 48. Nf5+ Kf6 49. Qxd8+ Kxf5 50. Qxc8+ Kf6 51. Nc3 $11) 47. Kf1 Qf4+ 48. Kg1 Qd4+ 49. Kf1) 45... Qxh1 46. Qxa6 bxa6 47. b7 Bxa5 48. bxc8=Q+ Kf7 $2 (48... Kg7 49. Qb7+ Kg6 50. Qb1+ Qxb1 51. Nxb1 c4 52. Nxc4 Bc7 (52... Bb4 53. a3 $19)) 49. Qe6+ Kg6 50. Qf5+ Kf7 $2 ({Günstiger ist} 50... Kg7 $19 51. Qxg5+ Kf7) 51. Qe6+ $11 Kg6 $2 (51... Kg7 $11 52. Nf5+ Kg6 53. Ne7+ Kh5 54. Qf7+ Kg4 55. Qe6+ Kh5 56. Qf7+ Kh4 57. Qxf6 Qg2+ (57... Bxc3 58. Qh8+ Kg3 59. Qxh1 e4 60. Qxe4 Kh2 61. Kf1 Kh3 62. Qf3+ Kh4 63. Ng6#) 58. Kd1 (58. Kd3 c4+ 59. Kxc4 Qg4+ 60. Kd3 Qd4+ 61. Ke2 Qc4+ 62. Kf2 Bb6+ 63. Kg2 Qg4+ 64. Kf1 Qg1+ 65. Ke2 Qe3+ 66. Kf1 Qd3+ 67. Ke1 Qxc3+ 68. Kd1 Qd3+ 69. Ke1 Qg3+ 70. Ke2 Qg2+ 71. Kd1 Qg4+ 72. Kd2 Qf4+ 73. Qxf4+ exf4 $19) 58... Qg1+ (58... Bxc3 $2 59. Nf5+ Kh5 60. Qh6+ Kg4 61. Ne3+ Kf3 62. Nxg2 $18) 59. Kc2 Bxc3 60. Kxc3 Qc1+ 61. Kb3 Qd1+ 62. Ka3 Qc1+ 63. Kb3 Qb1+ 64. Kc3 Qc1+ 65. Kb3) 52. Qf5+ $19 Kg7 53. Qxg5+ Kf7 54. Nf5 {[%emt 0:00:07] Weiss droht Qg7+ und Matt.} Qh5+ ({Nicht} 54... Bxc3 55. Qg7+ Ke8 56. Qe7#) ({Besser ist} 54... Nxd5 $17 55. Nxd5 Qe1+ 56. Kf3 Qd1+ 57. Kf2 Be1+ (57... Qxd5 $2 {verliert.} 58. Qg7+ Ke6 59. Qg8+ Kxf5 60. Qxd5 $18) 58. Kg2 Qxd5+ 59. Kf1 Qd2 (59... Qh1+ 60. Ke2 $11) 60. Qg7+ Ke6 61. Qg6+ Kd7 62. Qf7+ Kc6 63. Qe8+ Kb6 64. Qd8+ Kb5 65. Qb8+ Ka5 66. Qc7+ Ka4 67. Qc6+ Ka3 (67... Ka5 $2 68. Qc7+ Ka4 69. Qc6+ Ka3 70. Qxa6+ Kb2 71. Qe2 $19) 68. Qxa6+ Kb2 69. Qb5+ Kxa2) 55. Qxh5+ $11 {[%emt 0:00:03] Die Stellung ist ausgeglichen.} Nxh5 56. Nxd6+ {[%emt 0:00:04][%mdl 4096] Endspiel. KBN-KNN} Ke7 57. Nce4 Nf4+ 58. Kf3 Nxd5 59. Nc4 Bb4 60. Nxe5 Nc3 61. Nxc3 Bxc3 {[%emt 0:00:00] KB-KN} 62. Ke4 Kd6 63. Nc4+ Kc6 64. a4 Be1 65. Ke5 Bb4 66. Ke4 Bc3 67. Kd3 Bg7 68. Ke4 Bf6 69. Na5+ Kb6 70. Nc4+ Kc6 71. Kf3 $2 {[%emt 0:03:31][%mdl 40960] Gewichteter Fehlerwert: Weiß=0.67/Schwarz=0.62.  Verlustzug:     	Weiß=3     	---        Gewinn verpasst:   	---       	Schwarz=2     Fehler:       	Weiß=7     	Schwarz=9     Ungenau:       	---       	Schwarz=2     OK:         	Weiß=26    	Schwarz=17    Bester:       	Weiß=8     	Schwarz=5     Stark:        	Weiß=1     	---       . Ein unerwartetes Ergebnis.} (71. Na5+ $11 {und Weiss muss sich keine Sorgen machen.} Kc7 72. Kd5) 1/2-1/2

[Event "1000GM Schev-G4 March 2024"]
[Site "Santa Clara"]
[Date "2024.03.10"]
[Round "2.1"]
[White "Ramirez, Carlos"]
[Black "Yao, Hanchi"]
[Result "1/2-1/2"]
[ECO "E35"]
[WhiteElo "2162"]
[BlackElo "1997"]
[Annotator "RC"]
[PlyCount "167"]
[EventDate "2024.03.06"]
[EventType "schev"]
[EventCountry "USA"]
[SourceTitle "playchess.com"]
[Source "ChessBase"]
[SourceQuality "1"]
[TimeControl "5400+30"]

1. d4 Nf6 2. c4 e6 3. Nc3 Bb4 4. Qc2 d5 5. cxd5 exd5 6. Bg5 O-O 7. e3 Re8 8. Bd3 h6 9. Bh4 c5 10. Nge2 c4 11. Bh7+ Kh8 12. Bf5 Bxf5 13. Qxf5 Qd7 14. Qc2 Ne4 15. O-O Nxc3 16. bxc3 Bd6 17. Bg3 Nc6 18. Rab1 Rab8 19. Bxd6 Qxd6 20. Qf5 Kg8 21. Rb5 Ne7 22. Qb1 b6 23. f3 a6 24. Rb2 Rb7 25. e4 Reb8 26. e5 Qg6 27. Qc1 b5 28. Ng3 b4 29. cxb4 Rxb4 30. Rxb4 Rxb4 31. Qa3 Qb6 32. Rd1 Nc6 33. Ne2 Rb2 34. Qe3 Nb4 35. Nc3 Nxa2 36. Nxd5 Qb3 37. Qe1 Nb4 38. Nxb4 Qxb4 39. Qxb4 Rxb4 40. Rc1 Kf8 41. Kf2 a5 42. Ke3 a4 43. Ra1 Rb3+ 44. Ke4 a3 45. d5 Rd3 46. d6 g6 47. g4 Ke8 48. Rb1 Rb3 49. Ra1 Kd7 50. Kd4 Rxf3 51. Kxc4 Rf4+ 52. Kc5 Ra4 53. Kb5 Re4 54. Rxa3 Rxe5+ 55. Kc4 Kxd6 56. Kd4 Re2 57. h3 Ke6 58. Rb3 Kf6 59. Rf3+ Kg7 60. Kd3 Ra2 61. Kd4 Ra4+ 62. Ke5 f6+ 63. Kd5 Kf7 64. Rb3 Ra5+ 65. Ke4 Re5+ 66. Kf4 h5 67. Rb7+ Re7 68. Rb5 hxg4 69. hxg4 Ra7 70. Rb4 Ra6 71. Rb5 Ke6 72. Rc5 Ra4+ 73. Kf3 Rd4 74. Ra5 Rd5 75. Ra6+ Ke5 76. Ra3 f5 77. gxf5 Kxf5 78. Kg3 g5 79. Rf3+ Kg6 80. Ra3 Kh5 81. Rb3 Rd1 82. Ra3 Rg1+ 83. Kh2 Rg4 84. Kh3 1/2-1/2

[Event "1000GM Schev-G4 March 2024"]
[Site "Santa Clara"]
[Date "2024.03.09"]
[Round "2.2"]
[White "Jaquez, Juan Manuel"]
[Black "Karthi, Jashith"]
[Result "1/2-1/2"]
[ECO "C95"]
[WhiteElo "2170"]
[BlackElo "2039"]
[Annotator "RC"]
[PlyCount "60"]
[EventDate "2024.03.06"]
[EventType "schev"]
[EventCountry "USA"]
[SourceTitle "playchess.com"]
[Source "ChessBase"]
[SourceQuality "1"]
[TimeControl "5400+30"]

1. e4 e5 2. Nf3 Nc6 3. Bb5 a6 4. Ba4 Nf6 5. O-O Be7 6. Re1 b5 7. Bb3 d6 8. c3 O-O 9. h3 Nb8 10. d4 Nbd7 11. Nbd2 Bb7 12. Bc2 Re8 13. Nf1 Bf8 14. Ng3 g6 15. a4 Bg7 16. b3 d5 17. dxe5 Nxe4 18. Nxe4 dxe4 19. Bg5 Qc8 20. Bxe4 Nxe5 21. Bxb7 Qxb7 22. Nxe5 Rxe5 23. Rxe5 Bxe5 24. axb5 axb5 25. Rxa8+ Qxa8 26. Qe1 Bg7 27. c4 bxc4 28. bxc4 Qa1 29. Kf1 Qa4 30. Kg1 Qa1 1/2-1/2

[Event "1000GM Schev-G4 March 2024"]
[Site "Santa Clara"]
[Date "2024.03.10"]
[Round "2.3"]
[White "Montes Orozco, Miguel Angel"]
[Black "Stevens, Adam B"]
[Result "1-0"]
[ECO "D97"]
[WhiteElo "2152"]
[BlackElo "1969"]
[Annotator "RC"]
[PlyCount "69"]
[EventDate "2024.03.06"]
[EventType "schev"]
[EventCountry "USA"]
[SourceTitle "playchess.com"]
[Source "ChessBase"]
[SourceQuality "1"]
[TimeControl "5400+30"]

1. c4 Nf6 2. Nf3 g6 3. Nc3 d5 4. d4 Bg7 5. Qb3 dxc4 6. Qxc4 O-O 7. e4 a6 8. Qb3 b5 9. e5 Nfd7 10. e6 fxe6 11. Be3 Nf6 12. a4 b4 13. Qxb4 Nc6 14. Qa3 Qd6 15. Bc4 Nb4 16. Rc1 Bb7 17. Qb3 Bxf3 18. gxf3 Nfd5 19. Ne4 Qb6 20. Nc5 Rxf3 21. Be2 Rh3 22. Bg4 Nxe3 23. Bxh3 Bxd4 24. Qxe6+ Qxe6 25. Bxe6+ Kg7 26. fxe3 Bxc5 27. Ke2 Bd6 28. Rhf1 Rf8 29. Rxf8 Kxf8 30. Rf1+ Kg7 31. h3 Nc6 32. Rf7+ Kh6 33. Rf8 Bb4 34. Rc8 Bd6 35. Ra8 1-0

[Event "1000GM Schev-G4 March 2024"]
[Site "Santa Clara"]
[Date "2024.03.09"]
[Round "2.4"]
[White "Talwalkar, Vedant"]
[Black "Vittorino, Carlo Giovanni"]
[Result "1/2-1/2"]
[ECO "C28"]
[WhiteElo "1996"]
[BlackElo "2226"]
[Annotator "RC"]
[PlyCount "32"]
[EventDate "2024.03.06"]
[EventType "schev"]
[EventCountry "USA"]
[SourceTitle "playchess.com"]
[Source "ChessBase"]
[SourceQuality "1"]
[TimeControl "5400+30"]

1. e4 e5 2. Nc3 Nc6 3. Bc4 Nf6 4. d3 Bb4 5. Nge2 d5 6. exd5 Nxd5 7. O-O Be6 8. Bxd5 Bxd5 9. f4 Qd7 10. Nxd5 Qxd5 11. fxe5 Qxe5 12. c3 Bd6 13. Bf4 Qe7 14. Bxd6 Qxd6 15. d4 O-O 16. Ng3 Ne7 1/2-1/2

[Event "1000GM Schev-G4 March 2024"]
[Site "Santa Clara"]
[Date "2024.03.10"]
[Round "2.5"]
[White "Jasinski, Alexander"]
[Black "Kretchetov, Alexandre"]
[Result "0-1"]
[ECO "B06"]
[WhiteElo "1981"]
[BlackElo "2141"]
[Annotator "RC"]
[PlyCount "158"]
[EventDate "2024.03.06"]
[EventType "schev"]
[EventCountry "USA"]
[SourceTitle "playchess.com"]
[Source "ChessBase"]
[SourceQuality "1"]
[TimeControl "5400+30"]

1. e4 c6 2. d4 g6 3. Nf3 Bg7 4. Bf4 Qb6 5. b3 d6 6. c3 Nf6 7. Nbd2 O-O 8. Bd3 Bg4 9. h3 Bxf3 10. Nxf3 Nbd7 11. O-O Rfe8 12. Qc2 e5 13. dxe5 dxe5 14. Be3 Qc7 15. a4 a5 16. Rfd1 Bf8 17. Bc4 Nb6 18. Bxb6 Qxb6 19. Ng5 Re7 20. Qe2 Qc7 21. Rd3 h6 22. Nf3 Rd8 23. Rxd8 Qxd8 24. Rd1 Qc7 25. Nh4 Kh7 26. Nf3 Kg7 27. Rd2 Rd7 28. Rxd7 Nxd7 29. Ne1 Nc5 30. Nd3 Nxd3 31. Qxd3 Qd6 32. Qf3 Qf6 33. Qxf6+ Kxf6 34. g3 Ba3 35. Be2 Bb2 36. c4 Ke7 37. Kg2 Kd6 38. f4 Kc5 39. Kf3 Kb4 40. Bd1 Kc3 41. Ke2 exf4 42. gxf4 Bc1 43. f5 gxf5 44. exf5 Bg5 45. Ke1 Kb2 46. c5 f6 47. Kf1 Kc3 48. Ke2 h5 49. Ke1 h4 50. Ke2 Bc1 51. Kf3 Kd4 52. Be2 Kxc5 53. Ke4 Kb4 54. Bc4 b5 55. axb5 cxb5 56. Bf7 Kc3 57. Kd5 a4 58. bxa4 bxa4 59. Ke6 Bg5 60. Kd5 a3 61. Ke4 Kb2 62. Kf3 a2 63. Bxa2 Kxa2 64. Kg4 Kb3 65. Kh5 Kc4 66. Kg4 Kd3 67. Kh5 Ke3 68. Kg4 Ke4 69. Kh5 Kf4 70. Kg6 Kg3 71. Kh5 Kxh3 72. Kg6 Kg4 73. Kh7 Kxf5 74. Kh8 h3 75. Kg8 h2 76. Kh8 h1=Q+ 77. Kg8 Kg6 78. Kf8 Qe4 79. Kg8 Qe8# 0-1

[Event "1000GM Schev-G4 March 2024"]
[Site "Santa Clara"]
[Date "2024.03.10"]
[Round "3.1"]
[White "Yao, Hanchi"]
[Black "Jaquez, Juan Manuel"]
[Result "1/2-1/2"]
[ECO "E32"]
[WhiteElo "1997"]
[BlackElo "2170"]
[Annotator "RC"]
[PlyCount "79"]
[EventDate "2024.03.06"]
[EventType "schev"]
[EventCountry "USA"]
[SourceTitle "playchess.com"]
[Source "ChessBase"]
[SourceQuality "1"]
[TimeControl "5400+30"]

1. d4 Nf6 2. c4 e6 3. Nc3 Bb4 4. Qc2 c5 5. dxc5 Bxc5 6. Nf3 O-O 7. Bg5 h6 8. Bh4 Be7 9. e3 Nc6 10. Be2 d5 11. cxd5 Nb4 12. Qb3 Nbxd5 13. Nxd5 Nxd5 14. Bxe7 Qxe7 15. O-O b6 16. Rfd1 Bb7 17. Rac1 Rac8 18. h3 Rfd8 19. Nd4 Nf6 20. Bf3 Bxf3 21. Nxf3 Rxd1+ 22. Qxd1 Rc5 23. Rxc5 Qxc5 24. Qd8+ Kh7 25. Qd3+ g6 26. Qd4 Qxd4 27. Nxd4 Nd7 28. Kf1 Kg7 29. Ke2 e5 30. Nc2 f5 31. h4 Kf7 32. f3 Ke6 33. Kd3 Kd5 34. e4+ fxe4+ 35. fxe4+ Kd6 36. b4 a5 37. a3 Nf6 38. Ne3 axb4 39. axb4 b5 40. g3 1/2-1/2

[Event "1000GM Schev-G4 March 2024"]
[Site "Santa Clara"]
[Date "2024.03.10"]
[Round "3.3"]
[White "Vittorino, Carlo Giovanni"]
[Black "Stevens, Adam B"]
[Result "1-0"]
[ECO "D23"]
[WhiteElo "2226"]
[BlackElo "1969"]
[Annotator "RC"]
[PlyCount "57"]
[EventDate "2024.03.06"]
[EventType "schev"]
[EventCountry "USA"]
[SourceTitle "playchess.com"]
[Source "ChessBase"]
[SourceQuality "1"]
[TimeControl "5400+30"]

1. d4 d5 2. c4 c6 3. Nf3 Nf6 4. Qc2 dxc4 5. Qxc4 Bf5 6. Nc3 e6 7. g3 Be7 8. Bg2 h6 9. O-O O-O 10. Ne5 Nbd7 11. e4 Bh7 12. Nxd7 Qxd7 13. Rd1 b5 14. Qe2 b4 15. Na4 Rac8 16. f3 Qb7 17. Be3 Nd7 18. Rac1 e5 19. dxe5 Nxe5 20. f4 Nd7 21. e5 Nb6 22. Nc5 Qa8 23. Nd7 Rfd8 24. Nxb6 axb6 25. Bxb6 Rxd1+ 26. Qxd1 Qxa2 27. Qd7 Qa6 28. Bf2 Bf8 29. Bd5 1-0

[Event "1000GM Schev-G4 March 2024"]
[Site "Santa Clara"]
[Date "2024.03.10"]
[Round "3.4"]
[White "Kretchetov, Alexandre"]
[Black "Talwalkar, Vedant"]
[Result "1-0"]
[ECO "A81"]
[WhiteElo "2141"]
[BlackElo "1996"]
[Annotator "RC"]
[PlyCount "47"]
[EventDate "2024.03.06"]
[EventType "schev"]
[EventCountry "USA"]
[SourceTitle "playchess.com"]
[Source "ChessBase"]
[SourceQuality "1"]
[TimeControl "5400+30"]

1. d4 f5 2. g3 Nf6 3. Bg2 d6 4. Nf3 g6 5. b3 Bg7 6. Bb2 O-O 7. Nbd2 c6 8. O-O Qc7 9. Re1 Ne4 10. Nxe4 fxe4 11. Nd2 d5 12. f3 exf3 13. exf3 Qb6 14. Kh1 Re8 15. f4 Nd7 16. Nf3 Nf6 17. Re2 Ne4 18. Qe1 Bg4 19. h3 Bxf3 20. Bxf3 Bxd4 21. Bxd4 Qxd4 22. Bxe4 dxe4 23. Rxe4 Qb2 24. c4 1-0

[Event "1000GM Schev-G4 March 2024"]
[Site "Santa Clara"]
[Date "2024.03.10"]
[Round "4.1"]
[White "Montes Orozco, Miguel Angel"]
[Black "Yao, Hanchi"]
[Result "1-0"]
[ECO "A06"]
[WhiteElo "2152"]
[BlackElo "1997"]
[Annotator "RC"]
[PlyCount "117"]
[EventDate "2024.03.06"]
[EventType "schev"]
[EventCountry "USA"]
[SourceTitle "playchess.com"]
[Source "ChessBase"]
[SourceQuality "1"]
[TimeControl "5400+30"]

1. Nf3 Nf6 2. e3 e6 3. b3 b6 4. c4 c5 5. Bb2 Bb7 6. Be2 Be7 7. Nc3 O-O 8. O-O Nc6 9. d4 d5 10. dxc5 dxc4 11. Bxc4 Bxc5 12. Qe2 Qe7 13. e4 Nd7 14. Na4 Na5 15. Bb5 Rfd8 16. Nxc5 Nxc5 17. b4 a6 18. bxc5 axb5 19. cxb6 Qc5 20. Bd4 Rxd4 21. Nxd4 Qxd4 22. Qxb5 Qxe4 23. f3 Qd4+ 24. Kh1 Bc6 25. b7 Bxb7 26. Rfd1 Qc4 27. Qxa5 Qh4 28. Qe1 Qa4 29. Rdb1 Bd5 30. Qb4 Qxb4 31. Rxb4 Kf8 32. a4 Ke7 33. Rb6 Ra5 34. Rb5 Ra7 35. a5 Kd6 36. Rc1 h5 37. h4 g6 38. Kh2 Ke5 39. Kg3 Kf5 40. Rc6 Ke5 41. a6 Kd4 42. Rb4+ Ke5 43. Rb5 Kd4 44. Rb7 Ra8 45. Rd7 Ke5 46. Rb6 f5 47. a7 f4+ 48. Kf2 Rc8 49. Rxd5+ exd5 50. Rb8 Rc2+ 51. Kg1 Rc1+ 52. Kh2 Ra1 53. a8=Q Rxa8 54. Rxa8 Kd4 55. Kg1 Kd3 56. Kf2 d4 57. Ra2 Kc3 58. Ke2 Kb3 59. Ra6 1-0

[Event "1000GM Schev-G4 March 2024"]
[Site "Santa Clara"]
[Date "2024.03.10"]
[Round "4.2"]
[White "Vittorino, Carlo Giovanni"]
[Black "Karthi, Jashith"]
[Result "1/2-1/2"]
[ECO "C47"]
[WhiteElo "2226"]
[BlackElo "2039"]
[Annotator "RC"]
[PlyCount "47"]
[EventDate "2024.03.06"]
[EventType "schev"]
[EventCountry "USA"]
[SourceTitle "playchess.com"]
[Source "ChessBase"]
[SourceQuality "1"]
[TimeControl "5400+30"]

1. e4 e5 2. a3 Nf6 3. Nc3 Nc6 4. Nf3 d5 5. exd5 Nxd5 6. Bb5 Nxc3 7. bxc3 Bd6 8. d4 exd4 9. cxd4 O-O 10. O-O Bg4 11. c3 Ne7 12. h3 Bh5 13. Bg5 c6 14. Bd3 Qc7 15. Bxe7 Bxe7 16. Re1 Bf6 17. Re3 Bg6 18. Bxg6 hxg6 19. Qb3 Rad8 20. Rae1 Qd7 21. Re4 b5 22. Ne5 Bxe5 23. Rxe5 Rfe8 24. Qb4 1/2-1/2

[Event "1000GM Schev-G4 March 2024"]
[Site "Santa Clara"]
[Date "2024.03.10"]
[Round "4.3"]
[White "Stevens, Adam B"]
[Black "Kretchetov, Alexandre"]
[Result "0-1"]
[ECO "E11"]
[WhiteElo "1969"]
[BlackElo "2141"]
[Annotator "RC"]
[PlyCount "38"]
[EventDate "2024.03.06"]
[EventType "schev"]
[EventCountry "USA"]
[SourceTitle "playchess.com"]
[Source "ChessBase"]
[SourceQuality "1"]
[TimeControl "5400+30"]

1. d4 Nf6 2. c4 e6 3. Nf3 d5 4. g3 Bb4+ 5. Bd2 Be7 6. Bg2 O-O 7. O-O Nbd7 8. Qc2 Ne4 9. Be3 c6 10. Nc3 f5 11. Ne1 Nd6 12. c5 Nf7 13. f3 e5 14. dxe5 Nfxe5 15. Rd1 Nc4 16. Bf2 Bxc5 17. Bxc5 Nxc5 18. Qc1 Qb6 19. Kh1 Qxb2 0-1

[Event "1000GM Schev-G4 March 2024"]
[Site "Santa Clara"]
[Date "2024.03.10"]
[Round "4.4"]
[White "Talwalkar, Vedant"]
[Black "Ramirez, Carlos"]
[Result "1/2-1/2"]
[ECO "C07"]
[WhiteElo "1996"]
[BlackElo "2162"]
[Annotator "RC"]
[PlyCount "49"]
[EventDate "2024.03.06"]
[EventType "schev"]
[EventCountry "USA"]
[SourceTitle "playchess.com"]
[Source "ChessBase"]
[SourceQuality "1"]
[TimeControl "5400+30"]

1. e4 e6 2. d4 d5 3. Nd2 c5 4. Ngf3 cxd4 5. exd5 Qxd5 6. Bc4 Qd6 7. O-O Nf6 8. Nb3 Nc6 9. Nbxd4 Nxd4 10. Nxd4 Qc7 11. Bb3 Bd7 12. Re1 Bd6 13. h3 O-O-O 14. Qe2 a6 15. c3 Rhg8 16. Nf3 Bc6 17. Ne5 Be4 18. Ng4 Bc6 19. Bg5 h6 20. Bh4 h5 21. Ne5 Bxe5 22. Qxe5 Qxe5 23. Rxe5 Rd2 24. Bg5 Rd7 25. Rae1 1/2-1/2

[Event "1000GM Schev-G4 March 2024"]
[Site "Santa Clara"]
[Date "2024.03.10"]
[Round "4.5"]
[White "Jaquez, Juan Manuel"]
[Black "Jasinski, Alexander"]
[Result "1-0"]
[ECO "B08"]
[WhiteElo "2170"]
[BlackElo "1981"]
[Annotator "ChessBase"]
[PlyCount "83"]
[EventDate "2024.03.06"]
[EventType "schev"]
[EventCountry "USA"]
[SourceTitle "playchess.com"]
[Source "ChessBase"]
[SourceQuality "1"]
[TimeControl "5400+30"]

1. e4 Nc6 2. Nf3 d6 3. d4 Nf6 4. Nc3 g6 5. h3 Bg7 6. Be3 O-O 7. Qd2 a6 8. Bh6 b5 9. a3 d5 10. Bxg7 Kxg7 11. e5 Ne4 12. Qe3 f5 13. g3 e6 14. h4 h6 15. Bd3 Qe7 16. Ne2 Na5 17. Nh2 c5 18. dxc5 Nxc5 19. b4 Nxd3+ 20. cxd3 Nc6 21. O-O d4 22. Nxd4 Nxd4 23. Qxd4 Rd8 24. Qe3 Bb7 25. Rac1 Rd7 26. Rc3 Rad8 27. Rfc1 g5 28. hxg5 hxg5 29. Nf3 Kg6 30. Kf1 Rh8 31. Ke2 Rh3 32. Qb6 f4 33. Nd4 Bd5 34. gxf4 gxf4 35. Rg1+ Kh7 36. Qb8 f3+ 37. Kd1 Be4 38. Rc8 Kh6 39. Rh8+ Bh7 40. Qg8 Qf7 41. Rxh7+ Qxh7 42. Qg5# 1-0